 Dungeon Crawl Stone Soup version 0.28-a0-1347-g113dc556a4 (webtiles) character file.

Game seed: 11949872788081140485

154 2tousent the Sneak (level 5, -1/42 HPs)
             Began as a Naga Enchanter on Dec 29, 2021.
             Was an Initiate of Yredelemnul.
             Slain by Grinder (8 damage)
             ... on level 3 of the Dungeon.
             The game lasted 00:05:58 (4083 turns).

2tousent the Sneak (Naga Enchanter)                 Turns: 4083, Time: 00:05:59

Health: -1/42      AC:  2    Str: 10    XL:     5   Next: 35%
Magic:  0/8        EV: 10    Int: 15    God:    Yredelemnul [......]
Gold:   114        SH:  0    Dex: 14    Spells: 0/8 levels left

rFire   + . .      SeeInvis +   a - +1 dagger
rCold   . . .      Faith    .   d - orb {guile}
rNeg    . . .      Spirit   .   b - +0 robe
rPois   +          Reflect  .   (no helmet)
rElec   .          Harm     .   (no cloak)
rCorr   +          Rampage  .   (no gloves)
Will    .....                   (no barding)
Stlth   +++.......              (no amulet)
HPRegen 0.14/turn               h - ring of resist corrosion
MPRegen 0.11/turn               e - ring of protection from fire

@: confusing by touch, studying Conjurations, very slow
A: AC +1, large, see invisible, deformed body, poison resistance, slowness 2,
spit poison 1, naga tail 1
a: Spit Poison, Renounce Religion, Recall Undead Harvest


You were on level 3 of the Dungeon.
You worshipped Yredelemnul.
Yredelemnul was noncommittal.
You visited 1 branch of the dungeon, and saw 3 of its levels.

You collected 114 gold pieces.

Inventory:

Hand Weapons
 a - a +1 dagger (weapon)
Armour
 b - a +0 robe (worn)
 d - an orb of guile (worn)
Jewellery
 e - a ring of protection from fire (right hand)
 h - a ring of resist corrosion (left hand)
Scrolls
 f - 2 scrolls of enchant armour {unknown}
 g - a scroll of blinking {unknown}
Potions
 c - a potion of invisibility
 j - 2 potions of curing {unknown}


   Skills:
 + Level 2.4 Short Blades
 - Level 1.5 Dodging
 - Level 5.0 Stealth
 - Level 2.0 Spellcasting
 * Level 4.6 Hexes
 * Level 1.7 Ice Magic


You couldn't memorise any spells.
You knew the following spells:

 Your Spells              Type           Power      Damage    Failure   Level
a - Ensorcelled Hibernat  Hex/Ice        22%        N/A       9%          2
b - Tukima's Dance        Hex            15%        N/A       10%         3
c - Confusing Touch       Hex            15%        N/A       10%         3

Your spell library contained the following spells:

 Spells                   Type           Power      Damage    Failure   Level
 Dazzling Flash           Conj/Hex       16%        N/A       26%         3


Dungeon Overview and Level Annotations

Branches:
Dungeon (3/15)

Altars:
Qazlal
Yredelemnul

Annotations:
D:3 1 runed translucent door, Crazy Yiuf, Grinder


Innate Abilities, Weirdness & Mutations

Your serpentine skin is tough. (AC +1)
You have supernaturally acute eyesight. (SInv)
Armour fits poorly on your strangely shaped body.
Your system is resistant to poisons. (rPois)
You cover ground very slowly.
You can spit poison.
You have a snake-like lower body.


Message History

Grinder hits you!
You writhe in agony.
Grinder hits you.
You can move again.
Casting: Ensorcelled Hibernation (safe; 9% risk of failure)
Confirm with . or Enter, or press ? or * to list all spells.
You can't see any susceptible monsters within range! (Use Z to cast anyway.) Unknown command.
Casting: Ensorcelled Hibernation (safe; 9% risk of failure)
Confirm with . or Enter, or press ? or * to list all spells.
You miscast Confusing Touch.
You are very lightly contaminated with residual magic.
Nothing appears to happen.
Grinder hits you but does no damage.
Casting: Confusing Touch (dangerous; 10% risk of failure)
Confirm with . or Enter, or press ? or * to list all spells.
Your hands begin to glow red.
Grinder closely misses you.
You hit Grinder but do no damage.
Grinder appears confused.
You hit Grinder but do no damage. Grinder closely misses you.
You catch the helpless Grinder completely off-guard!
You puncture Grinder!
Grinder is moderately wounded.
Grinder misses you.
You hit Grinder but do no damage.
Grinder is moderately wounded.
Your magical contamination has completely faded away.
You hit Grinder but do no damage.
Grinder is moderately wounded.
You hit Grinder but do no damage.
Grinder is moderately wounded.
Grinder barely misses you. Grinder hits you!
You writhe in agony.
You strike the helpless Grinder from behind!
You puncture Grinder!
Grinder is severely wounded.
Grinder seems less confused.
Grinder hits you.
You writhe in agony.
* * * LOW HITPOINT WARNING * * *
Casting: Confusing Touch (dangerous; 10% risk of failure)
Confirm with . or Enter, or press ? or * to list all spells.
Your hands begin to glow red.
Grinder hits you!
You die...
Your body rises from the dead as a mindless zombie.

#.#...#.# ...........<....#
#.#...# ###.......##.##.#
......# ..........##.##.#
#.....# ....#..#.##.##.#
#.#...# ###.#..#....##.#
#.#...#.#.####.#..#.##.##.#
....................##.##.#
#.#.#.###.####.#..####.##.#
...............5@.........#
#####.....######.......###
.### #.......... .
....######## # ####.# #.#
#.# #.# #.#


You could see Grinder.

Vanquished Creatures
  A bullfrog zombie (D:3)
  A hound (D:3)
  2 adders
  3 worms
  3 endoplasms
  4 giant cockroaches
  6 goblins
  9 hobgoblins
  3 jackals (D:1)
  6 kobolds
  2 quokkas
  10 ball pythons
  6 bats
  2 frilled lizards
  3 rats
61 creatures vanquished.

Vanquished Creatures (collateral kills)
  A frilled lizard (D:3)
1 creature vanquished.

Vanquished Creatures (others)
  A ball python zombie (D:3)
  A frilled lizard zombie (D:3)
  A quokka zombie (D:3)
3 creatures vanquished.

Grand Total: 65 creatures vanquished

Notes
Turn   | Place    | Note
-------+----------+-------------------------------------------
     0 | D:1      | 2tousent the Naga Enchanter began the quest for the Orb.
     0 | D:1      | Reached XP level 1. HP: 15/15 MP: 3/3
   177 | D:1      | Reached XP level 2. HP: 22/22 MP: 5/5
   610 | D:1      | Reached skill level 5 in Stealth
   713 | D:1      | Reached XP level 3. HP: 11/28 MP: 6/6
  1616 | D:2      | Learned a level 2 spell: Ensorcelled Hibernation
  1620 | D:2      | Learned a level 3 spell: Tukima's Dance
  1696 | D:2      | Reached XP level 4. HP: 34/36 MP: 7/7
  2124 | D:2      | Found a faded altar of an unknown god.
  2134 | D:2      | Prayed at the altar of an unknown god.
  2134 | D:2      | Became a worshipper of Yredelemnul the Dark
  2134 | D:2      | Reached * piety under Yredelemnul
  3073 | D:3      | Found a stormy altar of Qazlal.
  3091 | D:3      | Reached skill level 1 in Ice Magic
  3325 | D:3      | HP: 1/36 [hound (4)]
  3339 | D:3      | HP: 1/36 [hound (2)]
  3348 | D:3      | Reached XP level 5. HP: 14/42 MP: 0/8
  3704 | D:3      | Learned a level 3 spell: Confusing Touch
  3961 | D:3      | Found a runed translucent door.
  3962 | D:3      | Noticed Crazy Yiuf
  4064 | D:3      | Noticed Grinder
  4064 | D:3      | Paralysed by Grinder for 6 turns
  4083 | D:3      | Slain by Grinder

Illustrated notes

Levels and vault maps discovered:
D:1:      dpeg_arrival_morbid_curiosity, layout_loops_ring, minivault_23
D:2:      layout_loops_cross, hellmonk_ecumenical_altar_slurped_away
D:3:      layout_basic, mainiacjoe_overflow_boulevard, uniq_crazy_yiuf_cottage,
          uniq_grinder

Skill      XL: |  1  2  3  4 |
---------------+-------------+-----
Stealth        | 5 |  5.0
Hexes          | 4 |  4.6
Short Blades   | 2 |  2.4
Ice Magic      | 1 |  1.7
Dodging        | |  1.5
Spellcasting   | |  2.0

Action                   |  1- 3 |  4- 6 || total
-------------------------+-------+-------++-------
Melee: Dagger            |    95 |   131 ||   226
 Cast: Ensorcelled Hiber |       |     5 ||     5
       Confusing Touch   |       |     2 ||     2
 Abil: Spit Poison       |    12 |     6 ||    18
  Use: Scroll            |       |     4 ||     4
       Potion            |       |     1 ||     1
 Stab: Sleeping          |    11 |     4 ||    15
       Confused          |       |     2 ||     2
Armor: Robe              |    13 |    30 ||    43
Dodge: Dodged            |    41 |    65 ||   106

Table legend: (Time is in decaauts)
 A = Elapsed time spent in this place.
 B = Non-inter-level travel time spent in this place.
 C = Inter-level travel time spent in this place.
 D = Time resting spent in this place.
 E = Time spent auto-exploring this place.
 F = Levels seen in this place.
 G = Mean time per level.
                   A        B        C        D        E       F      G
               +--------+--------+--------+--------+--------+-----+--------+
         Total |   4849 |   4619 |    230 |      0 |   3972 |   3 | 1616.3 |
       Dungeon |   4849 |   4619 |    230 |      0 |   3972 |   3 | 1616.3 |
               +--------+--------+--------+--------+--------+-----+--------+

Top non-repeatable levels by time:
     D:2: 1708 daAuts
     D:3: 1609 daAuts
     D:1: 1532 daAuts
